[Event "26th OIBM 2023"]
[Site "Gmund am Tegernsee"]
[Date "2023.10.31"]
[Round "4.35"]
[White "Petrov, Nikita"]
[Black "Kotyk, Michael"]
[Result "1-0"]
[ECO "D02"]
[WhiteElo "2551"]
[BlackElo "2127"]
[Annotator "TA"]
[PlyCount "53"]
[EventDate "2023.10.04"]
[EventType "swiss"]
[EventCountry "GER"]
[SourceTitle "playchess.com"]
[Source "ChessBase"]
[SourceQuality "1"]
[TimeControl "40/5400+30:1800+30"]

1. d4 d5 2. Nf3 e6 3. Bg5 Be7 4. h4 Nf6 5. e3 Ne4 6. Bxe7 {[%emt 0:02:49] D02: 1 d4 d5 2 Nf3 sidelines, including 2...Nf6 3 g3 and 2...Nf6 3 Bf4.} Qxe7 {[%emt 0:00:06] [#]} ({Resist} 6... Kxe7 7. Nbd2 $14) 7. Nbd2 $146 ({Predecessor:} 7. Bd3 Nf6 8. Nbd2 Nc6 9. c3 Bd7 10. Qe2 e5 11. dxe5 Nxe5 12. Nxe5 Qxe5 13. Nf3 {1-0 Fleischer,M (1788)-Molsner,H (1535) MVP-ch Seniors op 13th 2013 (5)}) 7... Qb4 (7... O-O $11) 8. Bd3 {[%emt 0:08:30] White is slightly better.} (8. Rb1 $5 ) 8... Nxd2 9. Nxd2 c5 10. Rb1 c4 ({Black should play} 10... cxd4 $15 11. Qg4 O-O) 11. c3 $14 Qe7 12. Bc2 Nc6 13. e4 e5 (13... O-O $11) 14. O-O Be6 15. exd5 (15. f4 $16) 15... Bxd5 16. Re1 $36 {[%emt 0:00:02][%mdl 2048] White has some pressure.} (16. dxe5 {feels hotter.} Qxh4 17. f4 O-O-O 18. Qe2) 16... Qxh4 17. b3 cxb3 18. Bxb3 O-O-O $2 {[%emt 0:02:51][%mdl 8192] This costs Black the game.} (18... Bxb3 $14 19. Qxb3 O-O) 19. Bxd5 $18 Rxd5 20. Qb3 Rd7 21. Nc4 (21. Nf3 Qd8 $16) 21... exd4 $2 {[%emt 0:05:07] [#]} (21... Qe7 22. d5 (22. dxe5 Kb8 $16) (22. Nxe5 Nxe5 23. Rxe5 Qd6 $16) 22... Rxd5) 22. Nd6+ $1 {[%emt 0:00:07][%cal Bc4d6,Bd6b7,Bb7c5,Bc5a6,Ba6c7][%mdl 608] Discovered Attack, Double Attack} Kb8 23. Nxb7 {[%emt 0:00:10] White wants to mate with Na5+.} Ka8 24. Nc5 Rc7 25. Na6 Rd7 {[%emt 0:00:22] [#]} 26. Qd5 $3 {[%emt 0:00:47][%mdl 576] Deflection} Rxd5 (26... Qf6 27. Qxd7) 27. Nc7# {[%emt 0:00:04] Beautiful play by Petrov!   Weighted Error Value: White=0.14 (very precise) /Black=0.99} 1-0

[Event "26th OIBM 2023"]
[Site "Gmund am Tegernsee"]
[Date "2023.10.31"]
[Round "4.36"]
[White "Meissner, Felix"]
[Black "Mohylnyi, Stepan"]
[Result "1/2-1/2"]
[ECO "C01"]
[WhiteElo "2382"]
[BlackElo "2120"]
[Annotator "RC"]
[PlyCount "105"]
[EventDate "2023.10.04"]
[EventType "swiss"]
[EventCountry "GER"]
[SourceTitle "playchess.com"]
[Source "ChessBase"]
[SourceQuality "1"]
[TimeControl "40/5400+30:1800+30"]

1. e4 e6 2. d4 d5 3. exd5 exd5 4. Nf3 Bd6 5. Bd3 Ne7 6. O-O Nbc6 7. Nc3 Bg4 8. Nb5 a6 9. Nxd6+ Qxd6 10. c3 Bf5 11. Bxf5 Nxf5 12. Re1+ Nfe7 13. Nh4 Qd7 14. Qh5 O-O 15. Bf4 Ng6 16. Bg3 Nxh4 17. Qxh4 Rfe8 18. Qf4 Rac8 19. f3 Ne7 20. h3 c6 21. a4 Ng6 22. Qd2 Rxe1+ 23. Rxe1 Re8 24. Rxe8+ Qxe8 25. Qc2 b5 26. a5 Qd8 27. Qf5 Nf8 28. b4 f6 29. Kh2 Kf7 30. h4 g6 31. Qf4 Ne6 32. Qh6 Kg8 33. Qe3 Kf7 34. Kg1 h5 35. Kf1 Qe7 36. Kf2 Qd8 37. Bh2 Qh8 38. Kf1 Qh7 39. Bf4 Qg8 40. Kg1 Qe8 41. Bg3 Qe7 42. Qh6 Ng7 43. Qf4 Nf5 44. Kh2 Ke6 45. Qb8 Nxg3 46. Kxg3 Qd6+ 47. Qxd6+ Kxd6 48. Kf4 Ke7 49. g3 Kf7 50. g4 Ke6 51. Kg3 f5 52. Kf4 Kf6 53. g5+ 1/2-1/2

[Event "26th OIBM 2023"]
[Site "Gmund am Tegernsee"]
[Date "2023.10.31"]
[Round "4.37"]
[White "Manish Anto Cristiano F"]
[Black "Marentini, Marcel"]
[Result "1-0"]
[ECO "B90"]
[WhiteElo "2368"]
[BlackElo "2116"]
[Annotator "RC"]
[PlyCount "61"]
[EventDate "2023.10.04"]
[EventType "swiss"]
[EventCountry "GER"]
[SourceTitle "playchess.com"]
[Source "ChessBase"]
[SourceQuality "1"]
[TimeControl "40/5400+30:1800+30"]

1. e4 c5 2. Nf3 d6 3. d4 cxd4 4. Nxd4 Nf6 5. Nc3 a6 6. h3 e5 7. Nb3 Be6 8. f4 Nc6 9. g4 exf4 10. Bxf4 Ne5 11. Qe2 Qc7 12. O-O-O Be7 13. Nd4 g6 14. Kb1 Nfd7 15. g5 Rc8 16. Nd5 Bxd5 17. exd5 Qa5 18. Nb3 Qc7 19. h4 Bf8 20. h5 Bg7 21. Nd4 O-O 22. hxg6 hxg6 23. Bh3 Rfe8 24. Qh2 Rcd8 25. Ne6 fxe6 26. Bxe6+ Rxe6 27. Qh7+ Kf8 28. dxe6 Nc4 29. e7+ Kf7 30. exd8=N+ Qxd8 31. Rhf1 1-0

[Event "26th OIBM 2023"]
[Site "Gmund am Tegernsee"]
[Date "2023.10.31"]
[Round "4.38"]
[White "Dolzhykova, Kateryna"]
[Black "Baeuml, Ulrich"]
[Result "1-0"]
[ECO "C00"]
[WhiteElo "2336"]
[BlackElo "2112"]
[Annotator "RC"]
[PlyCount "51"]
[EventDate "2023.10.04"]
[EventType "swiss"]
[EventCountry "GER"]
[SourceTitle "playchess.com"]
[Source "ChessBase"]
[SourceQuality "1"]
[TimeControl "40/5400+30:1800+30"]

1. e4 e6 2. d3 d5 3. Nd2 c5 4. Ngf3 Nc6 5. g3 Nf6 6. Bg2 Be7 7. O-O dxe4 8. dxe4 e5 9. Nc4 Qc7 10. Ne3 O-O 11. c3 Rd8 12. Qc2 h6 13. Nd5 Qb8 14. Rd1 Bf8 15. Bxh6 Nxd5 16. exd5 Ne7 17. Bg5 Bf5 18. Qb3 Qc7 19. Nd2 Bg4 20. Re1 Rd7 21. Nc4 Ng6 22. Ne3 Bh5 23. g4 Nf4 24. gxh5 Nxg2 25. Kxg2 e4 26. Qd1 1-0

[Event "26th OIBM 2023"]
[Site "Gmund am Tegernsee"]
[Date "2023.10.31"]
[Round "4.39"]
[White "Gaerths, Ronny"]
[Black "Zude, Arno"]
[Result "1-0"]
[ECO "D00"]
[WhiteElo "2139"]
[BlackElo "2333"]
[Annotator "RC"]
[PlyCount "89"]
[EventDate "2023.10.04"]
[EventType "swiss"]
[EventCountry "GER"]
[SourceTitle "playchess.com"]
[Source "ChessBase"]
[SourceQuality "1"]
[TimeControl "40/5400+30:1800+30"]

1. d4 Nf6 2. Nc3 d5 3. Bf4 c5 4. e4 dxe4 5. dxc5 Nc6 6. Qxd8+ Kxd8 7. O-O-O+ Bd7 8. Bb5 Ke8 9. Nge2 Rc8 10. Ng3 e5 11. Bxc6 exf4 12. Bxd7+ Nxd7 13. Ngxe4 Nxc5 14. Rhe1 Ne6 15. Nb5 Rc6 16. Nxa7 Ra6 17. Nb5 Rxa2 18. Kb1 Ra5 19. Nc7+ Ke7 20. Nd5+ Ke8 21. Nxf4 Re5 22. Nxe6 Rxe6 23. Nd6+ Bxd6 24. Rxe6+ fxe6 25. Rxd6 Rf8 26. Rxe6+ Kd7 27. Re2 g5 28. h3 Kd6 29. c3 h6 30. Kc2 Ra8 31. Rd2+ Kc6 32. Kd3 b5 33. Ke4 Rf8 34. g3 Kc5 35. f4 gxf4 36. gxf4 Re8+ 37. Kf3 Rf8 38. Rd4 Kc6 39. Ke4 Re8+ 40. Kf5 Re2 41. Kg6 Rxb2 42. f5 Rh2 43. f6 Rxh3 44. Rf4 Rg3+ 45. Kh7 1-0

[Event "26th OIBM 2023"]
[Site "Gmund am Tegernsee"]
[Date "2023.10.31"]
[Round "4.40"]
[White "Kaiser, Elmar"]
[Black "Chassard, Cedric"]
[Result "0-1"]
[ECO "B97"]
[WhiteElo "2135"]
[BlackElo "2326"]
[Annotator "RC"]
[PlyCount "118"]
[EventDate "2023.10.04"]
[EventType "swiss"]
[EventCountry "GER"]
[SourceTitle "playchess.com"]
[Source "ChessBase"]
[SourceQuality "1"]
[TimeControl "40/5400+30:1800+30"]

1. e4 c5 2. Nf3 d6 3. d4 cxd4 4. Nxd4 Nf6 5. Nc3 a6 6. Bg5 e6 7. f4 Qb6 8. Qd2 Qxb2 9. Rb1 Qa3 10. Be2 Be7 11. O-O Nc6 12. Nb3 Qb4 13. Bf3 O-O 14. Kh1 Qb6 15. Rbe1 h6 16. e5 hxg5 17. exf6 Bxf6 18. fxg5 Be5 19. Re4 Ne7 20. Rxe5 dxe5 21. Ne4 Nd5 22. c4 f5 23. gxf6 Nxf6 24. Nbc5 Nxe4 25. Nxe4 Qd4 26. Qe2 Qd8 27. Rd1 Qe7 28. Qe3 Bd7 29. Ng5 Bc6 30. Bg4 Bd7 31. h4 Rf6 32. Qxe5 Raf8 33. Rd6 Bc8 34. Kh2 Rh6 35. Kh3 Qf6 36. Qe3 Qf4 37. Qxf4 Rxf4 38. Kg3 Rf8 39. Bf3 Rhf6 40. Be4 e5 41. Rd5 Bf5 42. Rxe5 Bxe4 43. Rxe4 Rc8 44. Re7 b6 45. Ra7 a5 46. Ne4 Re6 47. Ng5 Re3+ 48. Kh2 g6 49. Rb7 Rxc4 50. Rb8+ Kg7 51. Rb7+ Kf8 52. Rb8+ Ke7 53. Rb7+ Ke8 54. Rxb6 Rxh4+ 55. Kg1 Rg4 56. Nh7 Kf7 57. Rb7+ Re7 58. Rb5 Kg7 59. Ng5 Re2 0-1

[Event "26th OIBM 2023"]
[Site "Gmund am Tegernsee"]
[Date "2023.10.31"]
[Round "4.41"]
[White "Unuk, Laura"]
[Black "Thiel, Kuno"]
[Result "1-0"]
[ECO "A45"]
[WhiteElo "2313"]
[BlackElo "2110"]
[Annotator "RC"]
[PlyCount "113"]
[EventDate "2023.10.04"]
[EventType "swiss"]
[EventCountry "GER"]
[SourceTitle "playchess.com"]
[Source "ChessBase"]
[SourceQuality "1"]
[TimeControl "40/5400+30:1800+30"]

1. d4 Nf6 2. g3 c5 3. Bg2 cxd4 4. Qxd4 Nc6 5. Qa4 g6 6. c3 Bg7 7. Nf3 O-O 8. O-O d5 9. Na3 Bf5 10. Bf4 Qb6 11. Nb5 a6 12. Nbd4 Be4 13. Nb3 Rfe8 14. Be3 Qc7 15. Nc5 b5 16. Qd1 Bxf3 17. exf3 Na5 18. b3 e6 19. Rc1 Red8 20. Qe2 Nd7 21. Nd3 Nc6 22. f4 Rac8 23. Rfd1 Ne7 24. g4 Qa5 25. Nc5 Nxc5 26. Bxc5 Rxc5 27. b4 Qc7 28. bxc5 Qxc5 29. c4 bxc4 30. Rxc4 Qa5 31. Rc2 Qa4 32. Rc7 Nc6 33. Rc1 Nd4 34. Qd2 h6 35. Rc8 Qe8 36. Rxd8 Qxd8 37. Kh1 Qh4 38. f3 Qe7 39. Qe3 a5 40. Bf1 Qb4 41. Qc3 Qa4 42. a3 Nb3 43. Qc8+ Kh7 44. Rb1 Qxa3 45. Bd3 a4 46. f5 exf5 47. gxf5 Qc5 48. fxg6+ fxg6 49. Qe8 Qf8 50. Qxg6+ Kg8 51. Qh7+ Kf7 52. Qf5+ Kg8 53. Qxd5+ Kh8 54. Qe4 Kg8 55. Qh7+ Kf7 56. Re1 Nd4 57. Qg6+ 1-0

[Event "26th OIBM 2023"]
[Site "Gmund am Tegernsee"]
[Date "2023.10.31"]
[Round "4.42"]
[White "Sieglen, Joachim"]
[Black "Mai, Philipp"]
[Result "1/2-1/2"]
[ECO "E92"]
[WhiteElo "2110"]
[BlackElo "2313"]
[Annotator "RC"]
[PlyCount "82"]
[EventDate "2023.10.04"]
[EventType "swiss"]
[EventCountry "GER"]
[SourceTitle "playchess.com"]
[Source "ChessBase"]
[SourceQuality "1"]
[TimeControl "40/5400+30:1800+30"]

1. d4 Nf6 2. c4 g6 3. Nc3 Bg7 4. e4 d6 5. Nf3 O-O 6. Be2 e5 7. Be3 Ng4 8. Bg5 f6 9. Bh4 Qe8 10. d5 f5 11. Nd2 Nf6 12. h3 a5 13. g4 Na6 14. f3 Nc5 15. Qc2 Kh8 16. O-O-O Bd7 17. Nb3 Nxb3+ 18. Qxb3 Qb8 19. Qc2 fxe4 20. fxe4 Ng8 21. Bg5 Rf4 22. Bxf4 exf4 23. g5 Qd8 24. h4 Qe7 25. Rhg1 Rf8 26. Bf3 Qe5 27. Rg2 Ne7 28. Kb1 Nc8 29. Qd3 Nb6 30. Rc2 Na4 31. Rdd2 Nc5 32. Qf1 a4 33. a3 Ra8 34. Rd1 Kg8 35. Qg2 Rb8 36. Bg4 Be8 37. Qf3 b5 38. Rf1 bxc4 39. Qxf4 Qe7 40. e5 Bxe5 41. Qxc4 Qg7 1/2-1/2

[Event "26th OIBM 2023"]
[Site "Gmund am Tegernsee"]
[Date "2023.10.31"]
[Round "4.43"]
[White "Schuster, Karsten"]
[Black "Martin Fernandez, Rodrigo"]
[Result "1-0"]
[ECO "A45"]
[WhiteElo "2309"]
[BlackElo "2092"]
[Annotator "RC"]
[PlyCount "57"]
[EventDate "2023.10.04"]
[EventType "swiss"]
[EventCountry "GER"]
[SourceTitle "playchess.com"]
[Source "ChessBase"]
[SourceQuality "1"]
[TimeControl "40/5400+30:1800+30"]

1. d4 Nf6 2. Bg5 Ne4 3. Bf4 c5 4. dxc5 Nxc5 5. Nc3 d6 6. e4 Nc6 7. Bc4 Be6 8. Bxe6 Nxe6 9. Be3 g6 10. h4 h5 11. f4 Bg7 12. Nge2 Qa5 13. a3 Nf8 14. b4 Qd8 15. Qd3 Nd7 16. Rd1 a6 17. Nd5 O-O 18. g4 e6 19. Ndc3 hxg4 20. h5 gxh5 21. Rxh5 Nf6 22. Rg5 e5 23. Ng3 exf4 24. Nf5 Nh5 25. Rxh5 Ne5 26. Qe2 Nf3+ 27. Kf1 fxe3 28. Qxe3 Qf6 29. Nd5 1-0

[Event "26th OIBM 2023"]
[Site "Gmund am Tegernsee"]
[Date "2023.11.01"]
[Round "5.1"]
[White "Schmider, Niklas"]
[Black "Stocek, Jiri"]
[Result "1/2-1/2"]
[ECO "B41"]
[WhiteElo "2395"]
[BlackElo "2535"]
[Annotator "TA"]
[PlyCount "123"]
[EventDate "2023.10.04"]
[EventType "swiss"]
[EventCountry "GER"]
[SourceTitle "playchess.com"]
[Source "ChessBase"]
[SourceQuality "1"]
[TimeControl "40/5400+30:1800+30"]

1. e4 c5 2. Nf3 e6 3. d4 cxd4 4. Nxd4 a6 5. c4 Nf6 6. Nc3 Qc7 7. a3 b6 8. Be3 Bb7 9. f3 Be7 10. Be2 d6 11. O-O Nbd7 {[%emt 0:00:08] B41: Sicilian: Kan Variation: 5 c4.} 12. Qd2 Rc8 13. Rfc1 Qb8 {[%emt 0:00:19] White is slightly better.} 14. b4 h5 {[%emt 0:01:14] [#]} 15. Nb3 $146 ({Predecessor:} 15. Rab1 h4 16. a4 h3 17. g3 Kf8 18. a5 Ne5 19. Na4 d5 20. exd5 exd5 21. Nxb6 dxc4 22. Nxc8 Qxc8 {1-0 Erdogdu,M (2407)-Luong,P (2229) Titled Tuesday intern op 02nd Nov blitz 2021 (1)}) 15... h4 16. Na4 h3 17. g3 (17. Nxb6 Nxb6 18. Bxb6 hxg2 $15) (17. Bxb6 $2 Bc6 18. b5 Nxb6 $19) (17. g4 {is interesting.} Nxg4 18. fxg4 Bxe4 19. Rf1) 17... Bd8 18. Rd1 (18. Bf4 $16) 18... Bc7 (18... Bxe4 $11 19. fxe4 Nxe4) 19. Bf4 $16 Ne5 20. Bxe5 dxe5 21. Bf1 Ke7 22. Qe3 Bc6 23. Nb2 a5 (23... b5 $16) 24. Nd3 (24. b5 $1 $18 {[%cal Rb5c6] is the precise move to win.} Be8 25. c5) 24... Ba4 25. Nf2 Rhd8 26. Bxh3 Rxd1+ 27. Rxd1 Bd6 28. Qc3 (28. bxa5 bxa5 29. Rb1 Bxa3 $15) 28... Bb5 29. Bf1 ({But not} 29. bxa5 Bxc4 30. Rc1 Bxa3 $15) 29... axb4 30. axb4 Bxc4 31. Bxc4 {[%emt 0:00:02] Threatens to win with b5.} b5 {[%emt 0:00:09] [#]} 32. Nc5 $1 {[%emt 0:00:19] And now Be2 would win.} bxc4 33. Qxc4 Qa7 34. Nfd3 {[%emt 0:01:34][%cal Bf2d3,Bd3c5,Bc5d7][%mdl 32] Excellent horsemanship.} Nd7 35. Rc1 Nb8 36. Kg2 Bxc5 (36... Nc6 $16 {was called for.}) 37. Nxc5 $18 Qa3 38. Rc2 (38. Rc3 $142 Qa1 39. Rc2) 38... Na6 $16 {[%emt 0:03:11][%mdl 64] Deflection} 39. Qb5 (39. Qxa6 $2 Qxa6 40. Nxa6 Rxc2+ 41. Kg1 Kd6 $19) 39... Rc7 {[%emt 0:00:43] [#] Wards off Qd7+} 40. Qb6 $1 {[%emt 0:01:09] Strongly threatening Rd2.} (40. Qxa6 $2 Qxa6 41. Nxa6 Rxc2+ 42. Kg1 Kd6 $19) 40... Kf6 41. Qd6 {[%emt 0:12:22] White is more active.} (41. Qxa6 $2 Qxa6 42. Nxa6 Rxc2+ 43. Kg1 Ke7 $19) 41... Qxb4 42. Nd7+ {[%emt 0:00:47][%mdl 64] Deflection, Double Attack} Kg6 43. Nxe5+ (43. Qxa6 $2 {perishes.} Rxc2+ 44. Kh3 Qd2 45. Nxe5+ Kh5 46. g4+ Kg5 47. Nxf7+ Kf6 $19) 43... Kh7 44. Qd3 {[%emt 0:02:25] Rxc7 would be deadly.} (44. Qxa6 $2 {loses.} Rxc2+ 45. Kh3 Qc5 $19) 44... Rxc2+ 45. Qxc2 {[%emt 0:00:01][%mdl 4096] Endgame KQN-KQN} Qb7 {[%emt 0:01:06] [#]} (45... f6 $142) 46. f4 $1 Kg8 47. Nf3 Nc7 48. h4 Ne8 49. Qd3 Qa8 50. Ng5 {[%emt 0:02:23] Hoping for Qd7.} Nf6 {[%emt 0:00:11] Prevents Qd7.} 51. Kh3 Nh7 52. Nf3 Nf6 53. e5 Ne4 54. Qe2 {[%emt 0:02:46] Against Nf2+} Nc3 55. Qd3 Ne4 {[%emt 0:00:10] ( -> ...Nf2+)} 56. Qc2 {[%emt 0:00:19] Dodges Nf2+} g6 57. Nh2 Kg7 58. Qg2 Qa4 59. Qf3 Qc2 60. Ng4 Qb1 61. Nh2 (61. Kg2 $16) 61... Qc2 $11 62. Ng4 {[%emt 0:00:27] Black defended with fortune.   Weighted Error Value: White=0.18 (very precise) /Black=0.13 (very precise)} 1/2-1/2

[Event "26th OIBM 2023"]
[Site "Gmund am Tegernsee"]
[Date "2023.11.01"]
[Round "5.2"]
[White "Vogel, Roven"]
[Black "Morawietz, Dieter"]
[Result "1-0"]
[ECO "E94"]
[WhiteElo "2471"]
[BlackElo "2378"]
[Annotator "ChessBase"]
[PlyCount "91"]
[EventDate "2023.10.04"]
[EventType "swiss"]
[EventCountry "GER"]
[SourceTitle "playchess.com"]
[Source "ChessBase"]
[SourceQuality "1"]
[TimeControl "40/5400+30:1800+30"]

1. Nf3 Nf6 2. c4 g6 3. Nc3 Bg7 4. d4 O-O 5. e4 d6 6. Be2 e5 7. O-O Nbd7 8. Be3 Ng4 9. Bg5 f6 10. Bh4 c6 11. h3 Nh6 12. dxe5 dxe5 13. b4 Qe7 14. c5 Rd8 15. Qb3+ Kh8 16. Rad1 Nf8 17. Rxd8 Qxd8 18. Bc4 Qe8 19. Rd1 g5 20. Bg3 g4 21. hxg4 Bxg4 22. Rd6 Bxf3 23. gxf3 a6 24. f4 exf4 25. Bxf4 Qg6+ 26. Bg3 Qg5 27. Ne2 Re8 28. Qd3 Ng4 29. Bf7 Re7 30. f4 Qh6 31. Bb3 Qg6 32. Bc2 h5 33. Nd4 h4 34. Nf5 Ne3 35. Qxe3 Qxf5 36. Bxh4 Qh5 37. Qg3 Re8 38. Bxf6 Bxf6 39. Rxf6 Ne6 40. Rf5 Qh6 41. Qc3+ Kh7 42. Rf7+ Kg8 43. Rf6 Qg7+ 44. Kf2 a5 45. Bb3 axb4 46. Qe5 1-0

[Event "26th OIBM 2023"]
[Site "Gmund am Tegernsee"]
[Date "2023.11.01"]
[Round "5.3"]
[White "Kraus, Sebastian"]
[Black "Schneider, Ilja"]
[Result "0-1"]
[ECO "C54"]
[WhiteElo "1904"]
[BlackElo "2468"]
[Annotator "ChessBase"]
[PlyCount "54"]
[EventDate "2023.10.04"]
[EventType "swiss"]
[EventCountry "GER"]
[SourceTitle "playchess.com"]
[Source "ChessBase"]
[SourceQuality "1"]
[TimeControl "40/5400+30:1800+30"]

1. e4 e5 2. Nf3 Nc6 3. Bc4 Bc5 4. d3 Nf6 5. c3 O-O 6. O-O d6 7. Bg5 a6 8. Bb3 Ba7 9. Nbd2 h6 10. Bh4 g5 11. Bg3 Kg7 12. Nc4 Ne7 13. Ne3 Ng6 14. Bc2 h5 15. h4 Ng4 16. d4 gxh4 17. Bh2 h3 18. Qd2 hxg2 19. Nxg2 Qf6 20. Ng5 exd4 21. Nf4 dxc3 22. Nxh5+ Kh6 23. Nxf6 cxd2 24. Ngh7 Nxh2 25. Kxh2 Rh8 26. Rad1 Bd4 27. Kg3 Kg7 0-1

[Event "26th OIBM 2023"]
[Site "Gmund am Tegernsee"]
[Date "2023.11.01"]
[Round "5.4"]
[White "Kargin, Arseny"]
[Black "Gopal G.N."]
[Result "0-1"]
[ECO "B90"]
[WhiteElo "2391"]
[BlackElo "2573"]
[Annotator "TA"]
[PlyCount "58"]
[EventDate "2023.10.04"]
[EventType "swiss"]
[EventCountry "GER"]
[SourceTitle "playchess.com"]
[Source "ChessBase"]
[SourceQuality "1"]
[TimeControl "40/5400+30:1800+30"]

1. e4 c5 2. Nf3 d6 3. d4 cxd4 4. Nxd4 Nf6 5. Nc3 a6 6. Be3 e5 7. Nb3 Be7 8. f3 Be6 9. Qd2 h5 10. Nd5 Nxd5 11. exd5 Bf5 {[%emt 0:00:03] B90: Sicilian Najdorf: Unusual White 6th moves, 6 Be3 Ng4 and 6 Be3 e5.} 12. O-O-O Nd7 13. Kb1 Rc8 {[%emt 0:01:36] The position is equal.} 14. Bd3 Bxd3 15. Qxd3 Bg5 16. Bf2 Qc7 17. h4 Bh6 18. Rhe1 O-O 19. g4 hxg4 20. fxg4 {[%emt 0:02:33] [#] g5 is the strong threat.} Bf4 {[%emt 0:00:06] [#]} 21. h5 $146 ({Predecessor:} 21. c3 Qc4 22. Qf3 b5 23. Na5 Qc7 24. Nc6 Nb8 25. Nb4 a5 26. Nd3 b4 27. Nxf4 bxc3 28. Qxc3 Qxc3 29. bxc3 exf4 {1-0 Nurmamedov,A (2382)-Jaiswal,R (2135) Asian Continental op 19th 2022 (6)}) 21... Nf6 22. c3 $2 {[%emt 0:18:59] Loses the game.} (22. Qf5 $11) 22... Nxg4 $19 23. Qf3 f5 24. Nd2 Qf7 25. Rh1 Bh6 (25... Nxf2 $2 26. Qxf2 Qxd5 27. Ka1 $19) 26. Bh4 e4 ({Weaker is} 26... Qxh5 27. Be7 Qg6 28. Bxf8 Rxf8 29. Rhg1 $17) 27. Qg3 (27. Qe2 {was worth a try.}) 27... Ne3 {[%emt 0:04:35] Black is clearly winning.} ({Not} 27... Qxh5 28. Qxd6 (28. Be7 $2 f4 $19) 28... Qf7 29. Nb3 $19) (27... Qxd5 $2 {perishes.} 28. Nf3 Qc4 29. Nd4 $19) 28. Qxd6 Nxd1 {[%emt 0:00:53][%mdl 64] [#] Discovered Attack} 29. Rxd1 Qxh5 {[%emt 0:01:29] Weighted Error Value: White=0.85/Black=0.01 (flawless)} 0-1

[Event "26th OIBM 2023"]
[Site "Gmund am Tegernsee"]
[Date "2023.11.01"]
[Round "5.5"]
[White "Colpe, Malte"]
[Black "Mastrovasilis, Dimitrios"]
[Result "1/2-1/2"]
[ECO "D02"]
[WhiteElo "2386"]
[BlackElo "2573"]
[Annotator "TA"]
[PlyCount "26"]
[EventDate "2023.10.04"]
[EventType "swiss"]
[EventCountry "GER"]
[SourceTitle "playchess.com"]
[Source "ChessBase"]
[SourceQuality "1"]
[TimeControl "40/5400+30:1800+30"]

1. d4 d5 2. Nf3 e6 3. Bf4 Bd6 4. e3 Ne7 5. Bxd6 Qxd6 6. c4 {[%emt 0:02:48] [#] D02: 1 d4 d5 2 Nf3 sidelines, including 2...Nf6 3 g3 and 2...Nf6 3 Bf4.} b6 $146 ({Predecessor:} 6... dxc4 7. Bxc4 Qb4+ 8. Nbd2 Qxb2 9. Rb1 Qa3 10. Qc2 Nbc6 11. Bb5 O-O 12. Nc4 Nb4 13. Nxa3 Nxc2+ 14. Nxc2 {1-0 Tomasa,I-Rieger,E ICCF FM/3144 email 2018}) 7. Nc3 Bb7 8. Qa4+ {[%emt 0:08:28] White is slightly better.} (8. Rc1 $5 ) 8... c6 9. cxd5 exd5 10. Bd3 Nd7 11. O-O O-O 12. Rfe1 Ng6 13. Ba6 Bxa6 {[%emt 0:08:40] Weighted Error Value: White=0.10 (very precise) /Black=0.07 (flawless)} 1/2-1/2

[Event "26th OIBM 2023"]
[Site "Gmund am Tegernsee"]
[Date "2023.11.01"]
[Round "5.6"]
[White "Kulaots, Kaido"]
[Black "Hess, Max"]
[Result "1/2-1/2"]
[ECO "B12"]
[WhiteElo "2508"]
[BlackElo "2378"]
[Annotator "ChessBase"]
[PlyCount "81"]
[EventDate "2023.10.04"]
[EventType "swiss"]
[EventCountry "GER"]
[SourceTitle "playchess.com"]
[Source "ChessBase"]
[SourceQuality "1"]
[TimeControl "40/5400+30:1800+30"]

1. e4 c6 2. d4 d5 3. e5 Bf5 4. h4 h5 5. Bd3 Bxd3 6. Qxd3 Qa5+ 7. Nd2 e6 8. Ngf3 Nh6 9. O-O Nf5 10. Nb3 Qb5 11. Qd1 c5 12. a4 Qb6 13. dxc5 Bxc5 14. Bg5 Nd7 15. c3 a5 16. Rc1 Rc8 17. c4 d4 18. Qd3 Nb8 19. Rfe1 Nc6 20. Nfd2 O-O 21. Qf3 d3 22. Nxc5 Qxc5 23. Qxd3 Nxe5 24. Qe2 Ng4 25. Nf3 Rfe8 26. Nh2 Nxh2 27. Kxh2 f6 28. Be3 Nxe3 29. Qxe3 Qxe3 30. Rxe3 e5 31. Rb3 Rc7 32. Rb5 Rd8 33. b3 Rd2 34. Kg1 Rcd7 35. Rxa5 Rb2 36. Rd5 Rxd5 37. cxd5 Rxb3 38. g3 Rd3 39. Rc5 b6 40. Rb5 Rd4 41. Rxb6 1/2-1/2

[Event "26th OIBM 2023"]
[Site "Gmund am Tegernsee"]
[Date "2023.11.01"]
[Round "5.7"]
[White "Reimann, Sebastian"]
[Black "Vetoshko, Volodymyr"]
[Result "1/2-1/2"]
[ECO "B11"]
[WhiteElo "2342"]
[BlackElo "2499"]
[Annotator "ChessBase"]
[PlyCount "32"]
[EventDate "2023.10.04"]
[EventType "swiss"]
[EventCountry "GER"]
[SourceTitle "playchess.com"]
[Source "ChessBase"]
[SourceQuality "1"]
[TimeControl "40/5400+30:1800+30"]

1. e4 c6 2. Nc3 d5 3. Nf3 dxe4 4. Nxe4 Nf6 5. Qe2 Na6 6. a3 Nc7 7. d3 Ne6 8. g3 g6 9. Bg2 Bg7 10. O-O Nxe4 11. Qxe4 O-O 12. Re1 a5 13. Rb1 Re8 14. Bd2 Nd4 15. Nxd4 Bxd4 16. Bc3 Bg7 1/2-1/2

[Event "26th OIBM 2023"]
[Site "Gmund am Tegernsee"]
[Date "2023.11.01"]
[Round "5.8"]
[White "Nguyen, Alex Dac-Vuong"]
[Black "Ghazarian, Kirk"]
[Result "1-0"]
[ECO "A40"]
[WhiteElo "2333"]
[BlackElo "2473"]
[Annotator "ChessBase"]
[PlyCount "97"]
[EventDate "2023.10.04"]
[EventType "swiss"]
[EventCountry "GER"]
[SourceTitle "playchess.com"]
[Source "ChessBase"]
[SourceQuality "1"]
[TimeControl "40/5400+30:1800+30"]

1. c4 b6 2. d4 e6 3. e4 Bb4+ 4. Nc3 Bb7 5. f3 Ne7 6. Nge2 f5 7. a3 Bxc3+ 8. Nxc3 fxe4 9. fxe4 O-O 10. Bg5 Qe8 11. Be2 Nbc6 12. d5 exd5 13. cxd5 Nd8 14. Nb5 Ng6 15. Qd4 Nf7 16. Be3 Qd8 17. O-O a6 18. Nc3 d6 19. a4 Qe7 20. a5 b5 21. Rac1 Nge5 22. Rc2 Kh8 23. Rfc1 c5 24. dxc6 Nxc6 25. Qb6 Nb4 26. Rd2 Rab8 27. Bf4 Ne5 28. Bg3 Nbc6 29. Rcd1 Bc8 30. Nd5 Qe6 31. Qe3 Nxa5 32. b3 Bb7 33. Qc3 Nec6 34. b4 Nc4 35. Bxc4 bxc4 36. Nb6 Rbd8 37. Nxc4 Qxe4 38. Nxd6 Qe7 39. Re1 Qd7 40. Bh4 Rb8 41. Be7 Qc7 42. Bxf8 Rxf8 43. Re8 Rxe8 44. Nxe8 Qe7 45. Re2 Qd7 46. Nxg7 Kg8 47. Nh5 Qd1+ 48. Kf2 Nd4 49. Qg3+ 1-0